 Dungeon Crawl Stone Soup version 0.17.2-1-ge4368a0 (webtiles) character file.

35193 Goblin1989 the Blocker (level 13, -7/90 HPs)
             Began as an Octopode Fighter on Oct 23, 2016.
             Was an Initiate of Gozag.
             Mangled by an eight-headed hydra (11 damage)
             ... on level 1 of the Lair of Beasts.
             The game lasted 00:36:38 (11980 turns).

Goblin1989 the Blocker (Octopode Fighter)          Turns: 11980, Time: 00:36:38

Health: -7/90      AC:  6    Str: 20    XL:     13   Next: 82%
Magic:  13/13      EV: 18    Int: 11    God:    Gozag
Gold:   655        SH: 14    Dex: 16    Spells: 2 memorised, 9 levels left

rFire  . . .     SeeInvis .       - Unarmed
rCold  . . .     Clarity  .     a - +0 shield
rNeg   . . .     SustAt   .     (helmet restricted)
rPois  .         Gourm    .     (no amulet)
rElec  .         Spirit   .     p - +5 ring of protection
rCorr  .         Warding  .     x - ring of stealth
rMut   .         Stasis   .     r - ring of stealth
MR     .....                    (no ring)
Stlth  +++++.....               (no ring)
                                (no ring)
                                (no ring)
                                (no ring)

@: mighty, very slightly contaminated, hasted, very quick, not resistant to
hostile enchantments, quite stealthy
A: almost no armour, amphibious, 8 rings, constrict 8, camouflage 1, gelatinous
body 1
a: Potion Petition, Call Merchant, Bribe Branch, Renounce Religion


You were on level 1 of the Lair of Beasts.
You worshipped Gozag.
Gozag was noncommittal.
You were very full.

You visited 3 branches of the dungeon, and saw 12 of its levels.
You also visited: Ice Cave.

You collected 2428 gold pieces.
You spent 1320 gold pieces at shops.
You paid 453 gold pieces to Gozag.

Inventory:

Hand Weapons
 b - a +3 scimitar of flaming
Missiles
 Z - a throwing net {=f, !d}
Armour
 a - a +0 shield (worn)
Jewellery
 p - a +5 ring of protection (left tentacle)
 r - a ring of stealth (on tentacle)
 x - a ring of stealth (right tentacle)
Wands
 d - a wand of draining (10)
 y - a wand of disintegration (9)
 A - a wand of fire (3)
 E - a wand of random effects (28)
 F - a wand of digging (14)
 G - a wand of fire (6)
 H - a wand of magic darts (40)
Scrolls
 f - 3 scrolls of fear {unknown}
 g - 4 scrolls of teleportation {unknown}
 h - 2 scrolls of blinking {unknown}
 i - 5 scrolls of noise {unknown}
 j - 2 scrolls of enchant weapon {unknown}
 l - 3 scrolls of remove curse {@r2}
 n - 2 scrolls of magic mapping {unknown}
 u - 2 scrolls of random uselessness {unknown}
 z - 3 scrolls of amnesia {unknown}
 D - a scroll of vulnerability {unknown}
 J - 2 scrolls of enchant armour {unknown}
Potions
 e - a potion of resistance
 m - a potion of lignification {unknown}
 o - 2 potions of haste {!q, @q3}
 q - a potion of cancellation
 t - 3 potions of curing {@q1}
 v - a potion of ambrosia {unknown}
 w - a potion of degeneration {!q}
 B - 2 potions of magic
 C - 3 potions of flight
 I - 3 potions of might
 K - a potion of agility
 L - 3 potions of beneficial mutation {unknown}
Comestibles
 c - 8 bread rations {@e1}
 s - 12 slices of pizza


   Skills:
 + Level 9.4 Fighting
 + Level 8.8 Dodging
 + Level 14.4 Shields
 * Level 12.0 Unarmed Combat


You had 9 spell levels left.
You knew the following spells:

 Your Spells              Type           Power        Failure   Level  Hunger
a - Stoneskin             Trmt/Erth      #.......     61%         2    ###....
o - Apportation           Tloc           #.........   38%         1    ##.....


Dungeon Overview and Level Annotations

Branches:
Dungeon (10/15)            Temple (1/1) D:5            Lair (1/8) D:8
    Orc: D:9-12

Altars:
Ashenzari
Cheibriados
Dithmenos
Elyvilon
Fedhas
Gozag
Kikubaaqudgha
Makhleb
Okawaru
Qazlal
Ru
Sif Muna
Trog
Xom
Yredelemnul
Zin
The Shining One

Shops:
D:6 !

Annotations:
D:3 Grinder
D:4 exclusion: Menkaure, Menkaure
D:8 1 runed door


Innate Abilities, Weirdness & Mutations

You cannot wear most types of armour.
You are amphibious.
You can wear up to eight rings at the same time.
You can use your tentacles to constrict eight enemies at once.
Your skin changes colour to match your surroundings (Stealth).
Your rubbery body absorbs attacks (AC +1).


Message History

The eight-headed hydra bites you.
* * * LOW HITPOINT WARNING * * *
The eight-headed hydra completely misses you.
The eight-headed hydra bites you!
* * * LOW HITPOINT WARNING * * *
The eight-headed hydra misses you.
The eight-headed hydra bites you but does no damage.
You are very lightly contaminated with residual magic.
You regained 11 hp, and now have 12/90 hp.
You completely miss the eight-headed hydra.
Your squeeze misses the eight-headed hydra.
The eight-headed hydra is severely wounded.
The eight-headed hydra bites you!
* * * LOW HITPOINT WARNING * * *
The eight-headed hydra misses you.
The eight-headed hydra barely misses you.
You block the eight-headed hydra's attack.
The eight-headed hydra bites you!
You die...
Your body crumbles into a pile of gold.

..█.....██......██
█.█.....██..█...█
█.██..███.......██
█.█....██.█...█...
█.█.██..█.........
█.█.█ █.....█...█.
█.█.███.███...████
██......██ ██.██
█.@.██.██ █.█████
██D██[.█ █......
█.███.█ █.███P█
..█ █.█ █.█ ███
██.█ ... █.█ █..
... █.█


█P█ ... █.█ ███..... █.█ █.█ You could see an eight-headed hydra.

Vanquished Creatures
  Erica (D:9)
  An unseen horror (D:10)
  A hill giant (D:10)
  Pikel (D:9)
  An elephant (D:8)
  Maurice (D:8)
  5 orc warriors
  A komodo dragon (Lair:1)
  A troll (D:10)
  Prince Ribbit (D:9)
  5 polar bears (IceCv)
  A human (D:7)
  A wyvern (D:9)
  3 deep elf magi
  A wraith (D:10)
  A hog (D:7)
  2 hippogriffs (D:10)
  34 yaks
  4 wolves (IceCv)
  2 water moccasins
  An ice beast (D:9)
  2 phantoms
  2 black bears (D:6)
  3 sky beasts
  A wasp (D:10)
  2 centaurs
  4 ogres
  A big kobold (D:7)
  10 giant frogs
  2 crocodiles
  3 scorpions
  5 wights (D:10)
  6 crimson imps
  5 hounds
  10 orc wizards
  An orc priest (D:10)
  5 iguanas
  A centaur skeleton (D:10)
  A giant frog skeleton (D:8)
  A quasit (D:10)
  4 jellies
  A human skeleton (D:8)
  4 worker ants
  2 sheep
  A hound zombie (D:10)
  9 adders
  5 gnolls
  10 river rats (Lair:1)
  A shadow imp (D:10)
  2 oozes
  2 adder skeletons
  2 worms
  5 giant geckos
  35 orcs
  5 bats
  8 giant cockroaches
  8 goblins
  14 hobgoblins
  7 jackals
  10 quokkas
  A giant gecko skeleton (D:6)
  4 giant newts
  A goblin skeleton (D:8)
  17 kobolds
  A quokka zombie (D:5)
  3 rats
296 creatures vanquished.

Vanquished Creatures (others)
  An ice beast (D:7)
  2 slaves (D:9)
  A giant frog (D:9)
  An orc priest (D:9)
  2 orcs (D:9)
  2 plants (Lair:1)
9 creatures vanquished.

Grand Total: 305 creatures vanquished

Notes
Turn   | Place    | Note
--------------------------------------------------------------
     0 | D:1      | Goblin1989 the Octopode Fighter began the quest for the Orb.
     0 | D:1      | Reached XP level 1. HP: 16/16 MP: 1/1
   143 | D:1      | Reached XP level 2. HP: 21/21 MP: 2/2
   639 | D:1      | Reached XP level 3. HP: 21/26 MP: 3/3
  1080 | D:2      | Reached XP level 4. HP: 20/31 MP: 4/4
  1632 | D:3      | Learned a level 2 spell: Stoneskin
  1654 | D:3      | Found a faded altar to an unknown god.
  1677 | D:3      | Noticed Grinder
  1678 | D:3      | Paralysed by Grinder for 7 turns
  1899 | D:4      | Reached XP level 5. HP: 33/36 MP: 5/5
  1922 | D:4      | Noticed a sky beast
  1955 | D:4      | Killed a sky beast
  1955 | D:4      | Reached skill level 4 in Dodging
  1955 | D:4      | Reached XP level 6. HP: 12/43 MP: 6/6
  2230 | D:4      | Noticed Menkaure
  2331 | D:4      | Noticed an ogre
  2343 | D:4      | Killed an ogre
  2447 | D:4      | Reached skill level 5 in Unarmed Combat
  2447 | D:4      | Reached XP level 7. HP: 43/48 MP: 7/7
  2514 | D:5      | Entered Level 5 of the Dungeon
  2558 | D:5      | Found a staircase to the Ecumenical Temple.
  2567 | Temple   | Entered the Ecumenical Temple
  2664 | Temple   | Became a worshipper of Gozag Ym Sagoz the Greedy
  3626 | D:5      | Found a shadowy altar of Dithmenos.
  4039 | D:6      | Reached skill level 6 in Unarmed Combat
  4039 | D:6      | Reached XP level 8. HP: 44/54 MP: 8/8
  4176 | D:6      | Reached skill level 5 in Fighting
  4176 | D:6      | Reached skill level 5 in Dodging
  4176 | D:6      | Reached skill level 5 in Shields
  4686 | D:6      | Found a stormy altar of Qazlal.
  4775 | D:6      | Found Coidiffe's Distillery.
  4777 | D:6      | Bought a potion of resistance for 100 gold pieces
  4777 | D:6      | Bought a potion of magic for 80 gold pieces
  4777 | D:6      | Bought a potion of heal wounds for 50 gold pieces
  4777 | D:6      | Bought a potion of flight for 30 gold pieces
  4777 | D:6      | Bought 2 potions of poison for 20 gold pieces
  4777 | D:6      | Bought a potion of might for 40 gold pieces
  4813 | D:6      | Learned a level 1 spell: Apportation
  5184 | D:7      | Reached skill level 7 in Unarmed Combat
  5383 | D:7      | Reached XP level 9. HP: 36/62 MP: 9/9
  5791 | D:7      | Reached skill level 8 in Unarmed Combat
  6620 | D:8      | Found a runed door.
  6624 | D:8      | Found a basalt altar of Yredelemnul.
  6742 | D:8      | Noticed Maurice
  6818 | D:9      | Noticed Prince Ribbit
  6831 | D:9      | Killed Prince Ribbit
  7108 | D:9      | Reached skill level 9 in Unarmed Combat
  7108 | D:9      | Reached XP level 10. HP: 69/69 MP: 10/10
  7117 | D:9      | Noticed Erica
  7119 | D:9      | Noticed Pikel
  7129 | D:9      | Killed Erica
  7130 | D:9      | Killed Pikel
  7195 | D:9      | Found a basalt altar of Yredelemnul.
  7672 | D:9      | Reached skill level 10 in Unarmed Combat
  7902 | D:10     | Entered Level 10 of the Dungeon
  8161 | D:10     | Noticed a hill giant
  8172 | D:10     | Killed a hill giant
  8172 | D:10     | Reached XP level 11. HP: 77/77 MP: 11/11
  8843 | D:8      | Killed Maurice
  8843 | D:8      | Reached skill level 11 in Unarmed Combat
  9085 | D:8      | Found a staircase to the Lair.
  9086 | D:8      | Noticed an elephant
  9233 | D:6      | Bought 2 potions of experience for 1000 gold pieces
  9233 | D:6      | Reached skill level 12 in Shields
  9233 | D:6      | Reached XP level 12. HP: 84/84 MP: 12/12
  9234 | D:6      | Reached skill level 14 in Shields
  9234 | D:6      | Reached XP level 13. HP: 89/89 MP: 13/13
  9540 | D:10     | HP: 3/89 [something (5)]
  9541 | D:10     | Killed an unseen horror
 10520 | D:8      | Killed an elephant
 10656 | Lair:1   | Entered Level 1 of the Lair of Beasts
 11023 | Lair:1   | Found a frozen archway.
 11347 | IceCv    | Entered an ice cave
 11860 | IceCv    | Noticed a frost giant
 11978 | Lair:1   | HP: 2/90 [eight-headed hydra (3)]
 11980 | Lair:1   | Mangled by an eight-headed hydra

Action                   |  1- 3 |  4- 6 |  7- 9 | 10-12 | 13-15 || total
-------------------------+-------+-------+-------+-------+-------++-------
Melee: Unarmed           |    81 |   102 |   306 |   218 |   330 ||  1037
Invok: Potion Petition   |       |       |       |     1 |     1 ||     2
Evoke: Wand              |       |       |       |       |     2 ||     2
  Use: Scroll            |       |     5 |     1 |       |     1 ||     7
       Potion            |       |       |     4 |     6 |     5 ||    15
 Stab: Sleeping          |     6 |     4 |    12 |     9 |     3 ||    34
       Distracted        |       |       |     3 |       |     6 ||     9
       Invisible         |       |       |       |     2 |       ||     2
  Eat: Chunk             |    11 |     5 |       |       |       ||    16
       Royal jelly       |       |       |     1 |       |       ||     1
       Fruit             |       |       |     3 |     3 |       ||     6
       Beef jerky        |       |       |     2 |       |       ||     2
       Meat ration       |       |       |       |     2 |     2 ||     4
       Bread ration      |       |       |       |       |     1 ||     1

Vault maps used:
D:1:      sevenhm_arrival_forest_fort_small_5
D:2:      first_bread
D:3:      ecumenical_altar_1, hangedman_decor_points, grunt_ministairs_14,
          uniq_natasha, uniq_grinder, uniq_robin
D:4:      uniq_menkaure
D:5:      kennysheep_mini, minmay_temple_entry_nine_rooms, minmay_fountain_box
D:6:      serial_shops, nicolae_shop_trees, nicolae_zen_rock_garden,
          hangedman_abyss_or_decor_stagger, lemuel_statue_altar
D:7:      corexii_shack_village, grunt_livestock
D:8:      david_lair_generic, dk_yredelemnul_ordeal, uniq_maurice
D:9:      basic_altar, uniq_erica, uniq_prince_ribbit1, uniq_pikel
Temple:   kilobyte_greek_temple_18
Lair:1:   nicolae_volcano_entry_s_turn, portal_ice_cave_entry_pillars_01
IceCv:    ice_cave_small_giant
